 Dungeon Sprint DCSS version 0.31.0-32-g396128a36d (webtiles) character file.

Game seed: 6528586630049100024

4200000 James the Axe Maniac (level 20, -105/216 HPs)
             Began as a Minotaur Gladiator on Mar 16, 2024.
             Was the Champion of Makhleb.
             Annihilated by The Servant
             ... wielding a +9 glaive of flaming
              (123 damage)
             ... in the Dungeon (Sprint VIII: "Arena of Blood").
             The game lasted 00:02:08 (42 turns).

James the Axe Maniac (Minotaur Gladiator)             Turns: 42, Time: 00:02:08

Health: -105/216   AC:  6    Str: 27    XL:     20   Next: 57%
Magic:  17/50      EV: 25    Int:  5    God:    Makhleb [******]
Gold:   0          SH:  0    Dex: 13    Spells: 73/73 levels left

rFire   . . .        l - +∞ Axe of Woe
rCold   . . .        (shield currently unavailable)
rNeg    . . .        b - +0 leather armour
rPois   .            c - +0 hat
rElec   .            (no cloak)
rCorr   .            (no gloves)
SInv    .            (no boots)
Will    +....        (no amulet)
Stlth   ++++++++     m - +30 ring of slaying
HPRegen 0.56/turn    (no ring)
MPRegen 0.32/turn

%: no teleportation
@: no status effects
A: horns 2, retaliatory headbutt
a: Renounce Religion, Minor Destruction, Lesser Servant of Makhleb, Major
Destruction, Greater Servant of Makhleb


You were in the Dungeon.
You worshipped Makhleb.
Makhleb was exalted by your worship.
You visited 1 branch

Inventory:

Hand Weapons
 a - a +0 war axe
 l - the +∞ Axe of Woe (weapon)
   (You found it in the Dungeon)
Missiles
 d - 3 throwing nets (quivered) {!f}
 e - a javelin
Armour
 b - a +0 leather armour (worn)
 c - a +0 hat (worn)
Jewellery
 m - a +30 ring of slaying (left hand)
   (You took it off an ogre in the Dungeon)
Scrolls
 k - a scroll of blinking
Potions
 f - a potion of curing {@q1}
 g - a potion of heal wounds {@q2}
 h - a potion of haste {@q3}
 i - 2 potions of magic
 j - a potion of berserk rage


   Skills:
 O Level 27 Fighting
 O Level 27 Axes
 + Level 25.9 Throwing
 O Level 27 Armour
 O Level 27 Dodging
 + Level 23.6 Stealth
 O Level 27 Unarmed Combat
 O Level 27 Spellcasting
 O Level 27 Invocations


You had 73 spell levels left.
You didn't know any spells.
Your spell library was empty.

Dungeon Overview and Level Annotations

Branches:
Dungeon (1/1)

Altars:
Makhleb

Annotations:
D The Servant


Innate Abilities, Weirdness & Mutations

You have a pair of horns on your head.
You reflexively headbutt those who attack you in melee.


Message History

You kill the bag of meat!
Makhleb accepts your kill.
You feel better.
You are engulfed in blazing flames.
* * * LOW HITPOINT WARNING * * *
You hear a shout! x3
A bag of meat comes into view. It is wielding a +9 war axe. x2
The destroyer gestures at you while chanting.
The destroyer blinks!
The meat berserker rages. x2
A meat berserker comes into view. It is wielding a +9 battleaxe.
The Servant is engulfed in blazing flames.
The Servant hits you from afar with a +9 glaive of flaming!!!!
* * * LOW HITPOINT WARNING * * *
The Servant burns you!
* * * LOW HITPOINT WARNING * * *
You hear a shout! x2
Your Throwing skill gained 3 levels and is now at level 22!
Your Stealth skill gained 3 levels and is now at level 20!
Your Unarmed Combat skill gained 3 levels and is now at level 23!
You have reached level 20!
You feel stronger.
The bag of meat shouts!
You slice the destroyer!!
You butcher the destroyer messily.
You destroy the destroyer!
Makhleb accepts your kill.
You slice the bag of meat!!
You pulverise the bag of meat into a thin bloody mist.
You kill the bag of meat!
Makhleb accepts your kill.
You dice the meat berserker like an onion!!!
You pulverise the meat berserker into a thin bloody mist.
You kill the meat berserker!
Makhleb accepts your kill.
You feel better.
You are engulfed in blazing flames.
* * * LOW HITPOINT WARNING * * *
You hear a shout! x2
The meat berserker rages. x2
A bag of meat comes into view. It is wielding a +9 war axe. x2
The destroyer gestures at you while chanting.
The destroyer blinks!
Your Throwing skill gained 3 levels and is now at level 25!
Your Stealth skill gained 3 levels and is now at level 23!
You have mastered Unarmed Combat!
A meat berserker comes into view. It is wielding a +9 battleaxe.
You are engulfed in blazing flames.
* * * LOW HITPOINT WARNING * * *
The Servant is engulfed in blazing flames.
The Servant hits you from afar with a +9 glaive of flaming!!!!
Ouch! That really hurt!
You die... ...... ..o.. .. #ooo. .# o. #ooo

..# ..o###.Oo
..###.
...o.VoO###......
#..Oo.O§☼§§.....
#§)§..# #@§@._#
#)....#
....._O..Voo
......###...O..
..###... §.###. .
#... ..# #... .#
..... ..


You could see The Servant, 2 destroyers, a large bag of meat (inner flame), 4
meat berserkers and 10 bags of meat.

Vanquished Creatures
  5 vampire knights (D)
  10 ogres (D)
  A two-headed ogre (D)
  20 orcs (D)
36 creatures vanquished.

Notes
Turn   | Place    | Note
-------+----------+-------------------------------------------
     0 | D        | Found the +∞ Axe of Woe
     0 | D        | James the Minotaur Gladiator began the quest for the Orb.
     0 | D        | Reached XP level 1. HP: 18/18 MP: 0/0
     2 | D        | Noticed a meat berserker
     4 | D        | Became a worshipper of Makhleb the Destroyer
     5 | D        | Killed a meat berserker
     6 | D        | Reached skill level 27 in Axes
     6 | D        | Reached XP level 2. HP: 44/44 MP: 1/1
     6 | D        | Reached XP level 3. HP: 50/50 MP: 2/2
     6 | D        | Reached XP level 4. HP: 58/58 MP: 3/3
     6 | D        | Reached XP level 5. HP: 64/64 MP: 4/4
     6 | D        | Reached XP level 6. HP: 72/72 MP: 5/5
     6 | D        | Reached XP level 7. HP: 79/79 MP: 6/6
     6 | D        | Reached XP level 8. HP: 86/86 MP: 7/7
     6 | D        | Reached XP level 9. HP: 93/93 MP: 8/8
     6 | D        | Reached XP level 10. HP: 101/101 MP: 9/9
     6 | D        | Reached XP level 11. HP: 107/107 MP: 10/10
     6 | D        | Noticed a bag of meat
     7 | D        | Noticed a bag of meat
     7 | D        | Noticed a bag of meat
     9 | D        | Noticed a bag of meat
     9 | D        | Noticed a bag of meat
     9 | D        | Noticed a meat berserker
    10 | D        | Noticed a bag of meat
    10 | D        | Noticed a meat berserker
    11 | D        | Killed a bag of meat
    11 | D        | Reached * piety under Makhleb
    12 | D        | Reached skill level 15 in Fighting
    12 | D        | Reached skill level 15 in Armour
    12 | D        | Reached XP level 12. HP: 122/122 MP: 11/11
    12 | D        | Killed a bag of meat
    12 | D        | Noticed a bag of meat
    13 | D        | Reached XP level 13. HP: 134/134 MP: 12/12
    13 | D        | Killed a bag of meat
    13 | D        | Noticed a meat berserker
    13 | D        | Noticed a meat berserker
    14 | D        | Killed a bag of meat
    14 | D        | Reached ** piety under Makhleb
    15 | D        | Noticed a bag of meat
    16 | D        | Killed a meat berserker
    16 | D        | Killed a bag of meat
    17 | D        | Reached XP level 14. HP: 157/157 MP: 12/20
    17 | D        | Killed a meat berserker
    17 | D        | Reached *** piety under Makhleb
    17 | D        | Killed a bag of meat
    17 | D        | Killed a meat berserker
    18 | D        | Reached skill level 15 in Invocations
    18 | D        | Reached XP level 15. HP: 173/173 MP: 12/25
    18 | D        | Killed a meat berserker
    18 | D        | Reached **** piety under Makhleb
    19 | D        | Reached skill level 27 in Fighting
    19 | D        | Reached skill level 27 in Armour
    19 | D        | Reached XP level 16. HP: 183/183 MP: 12/27
    24 | D        | Reached skill level 27 in Dodging
    24 | D        | Noticed a destroyer
    25 | D        | Noticed a meat berserker
    25 | D        | Noticed a destroyer
    26 | D        | Noticed a meat berserker
    27 | D        | Reached ***** piety under Makhleb
    27 | D        | Noticed a large bag of meat
    30 | D        | Noticed The Servant
    31 | D        | Killed a meat berserker
    31 | D        | Killed a destroyer
    31 | D        | Noticed a meat berserker
    32 | D        | Reached skill level 27 in Invocations
    32 | D        | Reached XP level 17. HP: 191/191 MP: 14/37
    32 | D        | Noticed a destroyer
    32 | D        | Noticed a meat berserker
    33 | D        | Noticed a meat berserker
    33 | D        | Noticed a meat berserker
    33 | D        | Killed a meat berserker
    33 | D        | Reached ****** piety under Makhleb
    33 | D        | Noticed a meat berserker
    33 | D        | Noticed a destroyer
    34 | D        | Killed a large bag of meat
    35 | D        | Reached XP level 18. HP: 136/200 MP: 15/46
    35 | D        | Killed a destroyer
    36 | D        | Reached skill level 27 in Spellcasting
    36 | D        | Killed a destroyer
    36 | D        | Noticed a destroyer
    37 | D        | Reached XP level 19. HP: 198/207 MP: 15/49
    37 | D        | Noticed a meat berserker
    38 | D        | Noticed a destroyer
    38 | D        | Noticed a meat berserker
    38 | D        | Noticed a large bag of meat
    39 | D        | Reached skill level 15 in Throwing
    39 | D        | Killed a meat berserker
    39 | D        | Killed a meat berserker
    39 | D        | Noticed a destroyer
    39 | D        | Noticed a meat berserker
    40 | D        | Killed a destroyer
    40 | D        | Noticed a meat berserker
    41 | D        | Reached XP level 20. HP: 19/216 MP: 16/50
    41 | D        | Killed a destroyer
    41 | D        | Killed a meat berserker
    42 | D        | Reached skill level 27 in Unarmed Combat
    42 | D        | Noticed a meat berserker
    42 | D        | Annihilated by The Servant

Illustrated notes

Levels and vault maps discovered:
D:        meatsprint

Skill      XL: |  1  2  3  4  5  6  7  8  9 10 11 12 13 14 15 16 17 18 19 20 |
---------------+-------------------------------------------------------------+-----
Axes           | 27 | 27.0
Fighting       | 13 15 18 23 26 27 | 27.0
Armour         | 12 15 17 22 26 27 | 27.0
Dodging        | 12 14 16 21 24 25 27 | 27.0
Invocations    | 9 15 17 27 | 27.0
Spellcasting   | 17 25 27 | 27.0
Throwing       | 12 22 25 | 25.9
Stealth        | 11 20 23 | 23.6
Unarmed Combat | 13 23 27 | 27.0

Action                     |  1- 3 |  4- 6 |  7- 9 | 10-12 | 13-15 | 16-18 | 19-21 || total
---------------------------+-------+-------+-------+-------+-------+-------+-------++-------
  Melee: Executioner's axe |     1 |       |       |     2 |     5 |    10 |     5 ||    23
 Armour: Leather armour    |       |       |       |       |       |     4 |    10 ||    14
  Dodge: Dodged            |       |       |       |       |     1 |     1 |       ||     2
